 Seeded DCSS version 0.30.1-9-gdf580d7c3d (webtiles) character file.

Game seed: 15660985446129201502 (custom seed)

722 AccursedSamuel the Chopper (level 7, -1/44 HPs)
             Began as a Tengu Monk on Oct 11, 2023.
             Killed by nerve-wracking pain
             ... invoked by a shadow imp
              (7 damage)
             ... on level 6 of the Dungeon.
             The game lasted 00:04:02 (3578 turns).

AccursedSamuel the Chopper (Tengu Monk)             Turns: 3578, Time: 00:04:02

Health: -1/44      AC: 10    Str: 11    XL:     7   Next: 71%
Magic:  8/8        EV: 14    Int: 13    God:
Gold:   183        SH:  0    Dex: 19    Spells: 6/6 levels left

rFire   . . .        a - +0 hand axe
rCold   + . .        d - orb {light}
rNeg    . . .        q - +2 chain mail {rC+}
rPois   .            (helmet restricted)
rElec   .            (no cloak)
rCorr   .            (no gloves)
SInv    .            (boots unavailable)
Will    .....        (no amulet) Stlth
                     e - ring of Uciocsou {EV+5 Int+3}
HPRegen 0.27/turn    (no ring)
MPRegen 0.11/turn

%: no passive effects
@: flying quickly and evasively, glowing, quick
A: beak, talons 3, nimble flight
a: no special abilities


You were on level 6 of the Dungeon.
You visited 1 branch of the dungeon, and saw 6 of its levels.

You collected 183 gold pieces.

Inventory:

Hand Weapons
 a - a +0 hand axe (weapon)
Armour
 d - an orb of light (worn)
 q - a +2 chain mail of cold resistance (worn)
Jewellery
 e - the ring of Uciocsou (left hand) {EV+5 Int+3}
   (You acquired it on level 1 of the Dungeon)

   [ring of evasion]

   EV:        It affects your evasion (+5).
   Int:       It affects your intelligence (+3).
Wands
 p - a wand of iceblast (2)
Scrolls
 f - 6 scrolls of teleportation {unknown}
 h - 2 scrolls of enchant armour {unknown}
 i - a scroll of noise {unknown}
 k - a scroll of immolation {unknown}
 m - a scroll of fog {unknown}
 n - 2 scrolls of blinking {unknown}
 o - a scroll of torment {unknown}
Potions
 b - a potion of haste {unknown}
 c - a potion of ambrosia
 g - a potion of curing {unknown}
 j - a potion of degeneration {unknown}
 l - 2 potions of attraction {unknown}


   Skills:
 + Level 4.7 Fighting
 + Level 7.1 Axes
 + Level 5.5 Dodging
 + Level 2.0 Stealth


You had 6 spell levels left.
You didn't know any spells.
Your spell library contained the following spells:

 Spells                   Type           Power      Damage    Failure   Level
 Cigotuvi's Dreadful Rot  Necr/Pois/Air  0%         N/A       100%        2
 Lesser Beckoning         Tloc           0%         N/A       100%        2
 Gell's Gravitas          Tloc           0%         N/A       100%        3
 Ignite Poison            Fire/Tmut/Pois 0%         N/A       100%        3
 Teleport Other           Tloc           0%         N/A       100%        3
 Dispel Undead            Necr           0%         3d6       100%        4
 Sticky Flame             Conj/Fire      0%         2d3       100%        4
 Death Channel            Necr           0%         N/A       100%        6
 Ignition                 Fire           0%         3d3       100%        8


Dungeon Overview and Level Annotations

Branches:
Dungeon (6/15)
 Temple: D:4-7

Altars:
Wu Jian

Annotations:
D:2 1 runed translucent door, Crazy Yiuf


Innate Abilities, Weirdness & Mutations

You have a beak for a mouth.
You have claws for feet.
Your magical nature lets you fly swiftly and evasively.


Message History

The shadow imp shouts, "Slither away, thou craven rude-growing erk!"
A shadow imp is nearby!
Found 8 gold pieces.
Found 15 gold pieces.
A centaur comes into view.
The centaur shouts!
The centaur wields a +0 shortbow.
The centaur shoots an arrow.
The arrow hits you!
The centaur shoots an arrow.
The arrow hits you.
The centaur shoots an arrow.
The arrow hits you but does no damage.
The centaur shoots an arrow.
The arrow completely misses you.
The shadow imp laughs crazily.
The centaur shoots an arrow.
The arrow hits you!
Found a cyan potion.
The centaur shoots an arrow.
The arrow hits you!
* * * LOW HITPOINT WARNING * * *
The centaur shoots an arrow.
The arrow completely misses you.
The centaur shoots an arrow.
The arrow hits you.
* * * LOW HITPOINT WARNING * * *
You hit the centaur but do no damage. You claw the centaur!
You peck the centaur.
The centaur is heavily wounded.
The centaur unwields a +0 shortbow.
The centaur hits you.
* * * LOW HITPOINT WARNING * * *
The centaur barely misses you. The centaur closely misses you. x2
You hit the centaur. You claw the centaur! You peck the centaur.
The centaur is almost dead.
The centaur barely misses you.
The centaur kicks you but does no damage.
You hit the centaur but do no damage. You claw the centaur.
You kill the centaur!
Your Axes skill increases to level 7!
Things that are here:
a +0 shortbow; 15 gold pieces You barely miss the shadow imp.
The shadow imp closely misses you.
You slash the shadow imp!
You peck the shadow imp, but do no damage.
The shadow imp is severely wounded.
The shadow imp gestures at you. Pain shoots through your body!
You die...

.....##.#.$....
.....##.#..... .#
.....##.....# ..
.....##.....# .#
.....##.....# .#
............#####.###.
......#####...........
....$.# ###...#.###!.#
.$....# #..5@.......
≈5....≈ ###.#.##...#
...≈≈..≈ #.#.# #
.....≈≈.. #....
.≈.......≈ #.#...
.....≈≈.... #.#...#
#.#...# #.#....


You could see a shadow imp.

Vanquished Creatures
  Sigmund (D:4)
  Edmund (D:5)
  A centaur (D:6)
  A scorpion (D:4)
  A hound (D:4)
  3 orc priests
  An iguana (D:4)
  Ijyb (D:4)
  3 adders
  2 ufetubi (D:4)
  A worm (D:4)
  3 dart slugs
  9 orcs
  7 endoplasms
  A giant cockroach (D:2)
  7 goblins
  8 hobgoblins
  4 kobolds
  5 quokkas
  5 ball pythons
  3 bats
  4 frilled lizards
  6 rats
  A spectral kobold (D:2)
79 creatures vanquished.

Notes
Turn   | Place    | Note
-------+----------+-------------------------------------------
     0 | D:1      | AccursedSamuel the Tengu Monk began the quest for the Orb.
     0 | D:1      | Reached XP level 1. HP: 14/14 MP: 2/2
    99 | D:1      | Reached XP level 2. HP: 19/19 MP: 3/3
   105 | D:1      | Identified a scroll of acquirement
   105 | D:1      | Acquired the ring of Uciocsou {EV+5 Int+3}
   401 | D:1      | Reached XP level 3. HP: 18/23 MP: 4/4
   880 | D:2      | Reached skill level 4 in Axes
   883 | D:2      | Found a faded altar of an unknown god.
   999 | D:2      | Found a runed translucent door.
  1000 | D:2      | Noticed Crazy Yiuf
  1059 | D:3      | Found an ornate altar of the Wu Jian Council.
  1419 | D:3      | Reached XP level 4. HP: 28/28 MP: 5/5
  1777 | D:3      | Gained mutation: Your magical nature lets you fly swiftly
                  | and evasively. [Tengu growth]
  1777 | D:3      | Reached XP level 5. HP: 33/33 MP: 6/6
  1840 | D:4      | Reached skill level 5 in Axes
  1840 | D:4      | Reached skill level 1 in Stealth
  2093 | D:4      | Reached XP level 6. HP: 16/38 MP: 7/7
  3267 | D:4      | Noticed Sigmund
  3269 | D:4      | Noticed Ijyb
  3282 | D:4      | Killed Sigmund
  3283 | D:4      | Reached skill level 6 in Axes
  3283 | D:4      | Reached skill level 5 in Dodging
  3283 | D:4      | Reached XP level 7. HP: 19/44 MP: 8/8
  3295 | D:4      | Killed Ijyb
  3452 | D:5      | Entered Level 5 of the Dungeon
  3460 | D:5      | Noticed Edmund
  3485 | D:5      | Killed Edmund
  3575 | D:6      | Reached skill level 7 in Axes
  3578 | D:6      | Killed from afar by a shadow imp

Illustrated notes

Levels and vault maps discovered:
D:1:      minmay_arrival_pointy, layout_loops_ring, minmay_gold_behind_fungi
D:2:      layout_basic, dreamdust_ecumenical_altar_drowned_temple,
          hangedman_decor_clover_reticule, fountainhead,
          uniq_crazy_yiuf_cottage, uniq_jessica
D:3:      layout_loops_ring, general_overflow_altar, serial_bayou_pond_d
D:4:      layout_basic, nicolae_eternal_life, uniq_ijyb, uniq_sigmund
D:5:      layout_layer_cave, mainiacjoe_overflow_small_starburst,
          elyvilon_altar_1, serial_demonic, serial_demonic_e, serial_demonic_b,
          serial_demonic_e, serial_demonic_a, serial_demonic_e,
          serial_demonic_e, serial_demonic_g, serial_demonic_a,
          serial_demonic_d, serial_demonic_g, uniq_edmund
D:6:      layout_basic, nicolae_uskayaw_suspiria, ebering_ghost_rock_garden,
          minivault_22, uniq_menkaure

Skill      XL: |  1  2  3  4  5  6  7 |
---------------+----------------------+-----
Axes           | 4 5 6 7 |  7.1
Dodging        | 4 5 |  5.5
Stealth        | 1 2 |  2.0
Fighting       | 4 |  4.7

Action                     |  1- 3 |  4- 6 |  7- 9 || total
---------------------------+-------+-------+-------++-------
  Melee: Hand axe          |    66 |    89 |    37 ||   192
         Kick              |    18 |    41 |    19 ||    78
         Peck              |     9 |    14 |    16 ||    39
    Use: Scroll            |     1 |       |       ||     1
   Stab: Sleeping          |       |     1 |       ||     1
 Armour: Robe              |     9 |     5 |     1 ||    15
         Chain mail        |       |       |     2 ||     2
  Dodge: Dodged            |    76 |    85 |    27 ||   188
